 Dungeon Crawl Stone Soup version 0.30-a0-765-g3161bf10a1 (webtiles) character file.

Game seed: 6908177731102440480

128 Kenran the Ruffian (level 4, 0/40 HPs)
             Began as an Armataur Fighter on Feb 12, 2023.
             Slain by a jelly (3 damage)
             ... on level 3 of the Dungeon.
             The game lasted 00:05:16 (2452 turns).

Kenran the Ruffian (Armataur Fighter)               Turns: 2452, Time: 00:05:17

Health: 0/40       AC: -1    Str: 23    XL:     4   Next: 87%
Magic:  4/4        EV:  7    Int:  8    God:
Gold:   144        SH:  9    Dex: 10    Spells: 3/3 levels left

rFire   . . .      SeeInvis +      - Unarmed
rCold   . . .      Faith    .    b - +0 buckler
rNeg    . . .      Spirit   .    a - +0 scale mail
rPois   .          Reflect  +    (no helmet)
rElec   .          Harm     .    (no cloak)
rCorr   .          Roll     +    (no gloves)
Will    .....                    (no barding) Stlth
                                 n - amulet of reflection
HPRegen 0.26/turn                o - ring of see invisible
MPRegen 0.09/turn                (no ring)

@: corroded
A: large, rugged brown scales 3, deformed body, armoured tail, roll, long
tongue, awkward tongue
a: no special abilities


You were on level 3 of the Dungeon.
You visited 1 branch of the dungeon, and saw 3 of its levels.

You collected 144 gold pieces.

Inventory:

Missiles
 e - 3 curare-tipped darts (quivered)
 g - 27 stones
Armour
 a - a +0 scale mail (worn)
 b - a +0 buckler (worn)
Jewellery
 n - an amulet of reflection (around neck)
 o - a ring of see invisible (left hand)
Scrolls
 d - 2 scrolls of teleportation
 f - 2 scrolls of fear
 h - 2 scrolls of fog
 i - a scroll of noise {unknown}
 l - a scroll of enchant weapon {unknown}
 r - a scroll of amnesia {unknown}
Potions
 c - 3 potions of might
 j - a potion of heal wounds {unknown}
 k - 2 potions of curing {unknown}
 m - a potion of cancellation {unknown}
 p - a potion of ambrosia {unknown}
 q - 2 potions of berserk rage {unknown}


   Skills:
 - Level 3.0 Fighting
 - Level 3.6 Armour
 - Level 3.2 Shields
 + Level 4.5 Unarmed Combat


You had 3 spell levels left.
You didn't know any spells.
Your spell library contained the following spells:

 Spells                   Type           Power      Damage    Failure   Level
 Apportation              Tloc           0%         N/A       80%         1
 Confusing Touch          Hex            0%         N/A       99%         3
 Inner Flame              Hex/Fire       0%         N/A       99%         3
 Ozocubu's Armour         Ice            0%         N/A       99%         3
 Portal Projectile        Hex/Tloc       0%         N/A       99%         3
 Tukima's Dance           Hex            0%         N/A       99%         3
 Cause Fear               Hex            0%         N/A       100%        4
 Fulminant Prism          Conj/Hex       0%         3d5       100%        4
 Petrify                  Tmut/Erth      0%         N/A       100%        4
 Alistair's Intoxication  Tmut/Pois      0%         N/A       100%        5
 Ozocubu's Refrigeration  Ice            0%         4d7       100%        7
 Discord                  Hex            0%         N/A       100%        8


Dungeon Overview and Level Annotations

Branches:
Dungeon (3/15)

Altars:


Innate Abilities, Weirdness & Mutations

You are completely covered in rugged brown scales. (AC +3, +7% HP)
Armour fits poorly on your strangely shaped body.
You have a long armoured tail.
You roll when moving toward enemies. (Rampage)
Your long tongue fully drains potion bottles. (2x potion effects)
Your tongue gives you trouble enunciating. (1.5x scroll delay)


Message History

You barely miss the kobold. You tail-slap the kobold.
You kill the kobold!
You punch the jelly!
Your hands burn!
The jelly is moderately wounded.
The jelly hits you but does no damage.
You hit the jelly. The acid corrodes you!
Your hands burn!
The jelly is heavily wounded.
The jelly barely misses you.
You hit the jelly.
Your hands burn!
You tail-slap the jelly.
The jelly is heavily wounded.
You block the jelly's attack.
You punch the jelly!
Your hands burn!
The jelly is almost dead.
You block the jelly's attack.
You completely miss the jelly.
The jelly is almost dead.
The jelly barely misses you.
You hit the jelly but do no damage.
Your hands burn!
Your tail-slap misses the jelly.
The jelly is almost dead.
You block the jelly's attack.
You hit the jelly but do no damage.
Your hands burn!
Your tail-slap misses the jelly.
The jelly is almost dead.
You block the jelly's attack.
You are too injured to fight recklessly!
You are too injured to fight recklessly!
You hit the jelly.
Your hands burn!
The jelly is almost dead.
The jelly hits you. The acid corrodes you!
You are splashed with acid.
* * * LOW HITPOINT WARNING * * *
You hit the jelly but do no damage.
Your hands burn!
* * * LOW HITPOINT WARNING * * *
The jelly is almost dead.
The jelly closely misses you.
You hit the jelly but do no damage.
Your hands burn!
* * * LOW HITPOINT WARNING * * *
The jelly is almost dead.
The jelly hits you.
You die...

.#.......#
##.....###....# ..#
##.......#
#.......##.##.# ##
##.......#
#.......##....#.....
........##
#.......##..###...#.##
........#
#.......##... ........
........#
#....######.. .......
........# #...['..##
#.####..... ........#
########.# ........
........# #..J@..##
#.....†. ........#
#.####### ........
........# #.......
####'##### ######+#
#.....# #....... #
#####.# #.##.... # #.#
#####.##..## # #.#
#..#......# ###### #.#
#...####..#


You could see a jelly.

Vanquished Creatures
  4 adders (D:3)
  A worm (D:3)
  3 dart slugs
  10 orcs
  4 endoplasms
  4 giant cockroaches
  5 goblins
  2 hobgoblins
  8 jackals (D:3)
  11 kobolds
  5 ball pythons
  5 bats
  4 frilled lizards
  6 rats
72 creatures vanquished.

Vanquished Creatures (others)
  5 toadstools (D:3)
5 creatures vanquished.

Grand Total: 77 creatures vanquished

Notes
Turn   | Place    | Note
-------+----------+-------------------------------------------
     0 | D:1      | Kenran the Armataur Fighter began the quest for the Orb.
     0 | D:1      | Reached XP level 1. HP: 19/19 MP: 1/1
    61 | D:1      | Got the Omnibus of Maledictive Detritus
   120 | D:1      | Reached skill level 2 in Unarmed Combat
   390 | D:1      | Reached XP level 2. HP: 26/26 MP: 2/2
   641 | D:1      | Reached skill level 3 in Unarmed Combat
  1035 | D:2      | Reached XP level 3. HP: 31/32 MP: 3/3
  1482 | D:2      | Identified the +4 quarterstaff "Pasehi" {flame, *Slow rN+
                  | SInv}
  1922 | D:3      | Reached XP level 4. HP: 40/40 MP: 4/4
  2024 | D:3      | Reached skill level 4 in Unarmed Combat
  2452 | D:3      | HP: 2/40 [acid (4)]
  2452 | D:3      | Slain by a jelly

Illustrated notes

Levels and vault maps discovered:
D:1:      sevenhm_arrival_forest_fort_large_2, layout_basic
D:2:      layout_rooms, minmay_misc_feat_rows, minmay_bisected
D:3:      cheibrodos_fertilizer, layout_basic, minmay_diced_spiral

Skill      XL: |  1  2  3  4 |
---------------+-------------+-----
Unarmed Combat | 2 3 4 |  4.5
Fighting       | 3 |  3.0
Armour         | |  3.6
Shields        | |  3.2

Action                     |  1- 3 |  4- 6 || total
---------------------------+-------+-------++-------
  Melee: Unarmed           |   171 |   119 ||   290
         Tailslap          |    16 |    13 ||    29
    Use: Scroll            |     3 |       ||     3
 Armour: Scale mail        |    62 |    34 ||    96
  Dodge: Dodged            |    28 |    34 ||    62
  Block: Buckler           |    33 |    62 ||    95
         Reflection        |     1 |       ||     1

Table legend: (Time is in decaauts)
 A = Elapsed time spent in this place.
 B = Non-inter-level travel time spent in this place.
 C = Inter-level travel time spent in this place.
 D = Time resting spent in this place.
 E = Time spent auto-exploring this place.
 F = Levels seen in this place.
 G = Mean time per level.
                   A        B        C        D        E       F      G
               +--------+--------+--------+--------+--------+-----+--------+
         Total |   2443 |   2418 |     25 |    215 |   1264 |   3 |  814.3 |
       Dungeon |   2443 |   2418 |     25 |    215 |   1264 |   3 |  814.3 |
               +--------+--------+--------+--------+--------+-----+--------+

Top non-repeatable levels by time:
     D:1: 938 daAuts
     D:3: 779 daAuts
     D:2: 726 daAuts
